3L
PANAMA CITY PIRANHAS @ HOUSTON 1837 BBC
07/29/2039
 
TOP OF THE 1ST
Panama City Piranhas batting - Pitching for Houston 1837 BBC : RHP Robbie Betchley
Pitching: RHP Robbie Betchley
Batting: RHB Silvio Bonauiti 0-0: Foul Ball, location: 2F
0-1: Ball
1-1: Foul Ball, location: 2F
1-2: SOLO HOME RUN (Flyball, 9LD, EV 106.2 MPH), Distance : 349 ft
Batting: RHB Kieran Hansen 0-0: Foul Ball, location: 2F
0-1: SINGLE (Line Drive, 9S, EV 103.1 MPH)
Batting: RHB António Mendoza 0-0: Called Strike
0-1: Ball
1-1: Called Strike
1-2: Ball
2-2: Fly out, F8 (Flyball, 8RXD, EV 94.4 MPH)
Batting: SHB Ben Boston 0-0: SINGLE (Groundball, 3D, EV 96.9 MPH)
Kieran Hansen to second
Runner from 2nd tries for 3rd, SAFE, throw by RF made to third
Batting: LHB José Ocasio 0-0: Called Strike
0-1: Ball
1-1: Swinging Strike
1-2: Ball
2-2: Ball
3-2: Base on Balls
Ben Boston to second
Batting: RHB Craig Tricket 0-0: Ball
1-0: Ball
2-0: Ball
3-0: Called Strike
3-1: GRAND SLAM HOME RUN (Flyball, 9D, EV 95.0 MPH), Distance : 395 ft
Batting: RHB Chrysler Rodriguez 0-0: Called Strike
0-1: Fly out, F7 (Flyball, 78XD, EV 89.4 MPH)
Batting: RHB Brant Thigpen 0-0: Called Strike
0-1: Ball
1-1: Ball
2-1: Swinging Strike
2-2: Foul Ball, location: 2F
2-2: Foul Ball, location: 2F
2-2: Ground out 5-3 (Groundball, 56S, EV 83.8 MPH)
Top of the 1st over - 5 runs, 4 hits, 0 errors, 0 left on base; Panama City 5 - Houston 0
BOTTOM OF THE 1ST
Houston 1837 BBC batting - Pitching for Panama City Piranhas : RHP Masahiro Sakei
Pitching: RHP Masahiro Sakei
Batting: RHB Jon Huband 0-0: Called Strike
0-1: Fly out, F8 (Flyball, 89XD, EV 96.2 MPH)
Batting: LHB Javier Seco 0-0: Ball
1-0: Ball
2-0: Ball
3-0: Called Strike
3-1: Base on Balls
Batting: RHB Adam Smith 0-0: Swinging Strike
0-1: Grounds into double play, 5-4-3 (Groundball, 5, EV 102.5 MPH)
Bottom of the 1st over - 0 runs, 0 hits, 0 errors, 0 left on base; Panama City 5 - Houston 0
TOP OF THE 2ND
Panama City Piranhas batting - Pitching for Houston 1837 BBC : RHP Robbie Betchley
Batting: RHB Bruno Williams 0-0: Fly out, F8 (Line Drive, 8LD, EV 88.8 MPH)
Batting: RHB Silvio Bonauiti 0-0: Called Strike
0-1: Swinging Strike
0-2: Ball
1-2: Strikes out swinging
Batting: RHB Kieran Hansen 0-0: Called Strike
0-1: Fly out, F3 (Popup, 34S, EV 80.6 MPH)
Top of the 2nd over - 0 runs, 0 hits, 0 errors, 0 left on base; Panama City 5 - Houston 0
BOTTOM OF THE 2ND
Houston 1837 BBC batting - Pitching for Panama City Piranhas : RHP Masahiro Sakei
Batting: RHB Krystof Melichar 0-0: Called Strike
0-1: Called Strike
0-2: Foul Ball, location: 2F
0-2: Ball
1-2: Foul Ball, location: 2F
1-2: Ground out 5-3 (Groundball, 56, EV 80.6 MPH)
Batting: LHB Bill Dixon 0-0: Ball
1-0: Ball
2-0: Fly out, F8 (Flyball, 89XD, EV 111.2 MPH)
Batting: LHB César Gómes 0-0: Called Strike
0-1: Ball
1-1: SINGLE (Groundball, 3D, EV 93.8 MPH)
Batting: SHB Yeow-whye Zhu 0-0: Fly out, F6 (Popup, 25, EV 85.6 MPH)
Bottom of the 2nd over - 0 runs, 1 hit, 0 errors, 1 left on base; Panama City 5 - Houston 0
TOP OF THE 3RD
Panama City Piranhas batting - Pitching for Houston 1837 BBC : RHP Robbie Betchley
Batting: RHB António Mendoza 0-0: Called Strike
0-1: Called Strike
0-2: Ball
1-2: Ball
2-2: Foul Ball, location: 2F
2-2: Foul Ball, location: 2F
2-2: SINGLE (Groundball, 56S, EV 68.1 MPH) (infield hit)
Batting: SHB Ben Boston 0-0: Ball
1-0: Ground out U3 (Groundball, 3, EV 83.1 MPH)
António Mendoza to second
Batting: LHB José Ocasio 0-0: Called Strike
0-1: Foul Ball, location: 2F
0-2: Ball
1-2: Foul Ball, location: 2F
1-2: Ground out 4-3 (Groundball, 4, EV 105.6 MPH)
António Mendoza to third
Batting: RHB Craig Tricket 0-0: Foul Ball, location: 2F
0-1: Foul Ball, location: 2F
0-2: Strikes out swinging
Top of the 3rd over - 0 runs, 1 hit, 0 errors, 1 left on base; Panama City 5 - Houston 0
BOTTOM OF THE 3RD
Houston 1837 BBC batting - Pitching for Panama City Piranhas : RHP Masahiro Sakei
Batting: RHB David Elías 0-0: Ball
1-0: Called Strike
1-1: Foul Ball, location: 2F
1-2: Ground out 5-3 (Groundball, 56S, EV 70.0 MPH)
Batting: LHB Ramiro Palmeiro 0-0: Called Strike
0-1: Foul Ball, location: 2F
0-2: Ground out 4-3 (Groundball, 4D, EV 103.1 MPH)
Batting: RHB Jon Huband 0-0: Called Strike
0-1: Foul Ball, location: 2F
0-2: Ground out 6-3 (Groundball, 6, EV 101.2 MPH)
Bottom of the 3rd over - 0 runs, 0 hits, 0 errors, 0 left on base; Panama City 5 - Houston 0
TOP OF THE 4TH
Panama City Piranhas batting - Pitching for Houston 1837 BBC : RHP Robbie Betchley
Pitching: LHP Alfredo Córdova
Batting: RHB Chrysler Rodriguez 0-0: Ball
1-0: Called Strike
1-1: Foul Ball, location: 2F
1-2: Ball
2-2: Foul Ball, location: 2F
2-2: Ball
3-2: Base on Balls
Batting: RHB Brant Thigpen 0-0: Ball
1-0: Foul Ball, location: 2F
1-1: Swinging Strike
1-2: Strikes out swinging
Batting: RHB Bruno Williams 0-0: Called Strike
0-1: SINGLE (Groundball, 6D, EV 109.4 MPH)
Chrysler Rodriguez to second
Runner from 2nd tries for 3rd, SAFE, throw by CF made to third
Batting: RHB Silvio Bonauiti 0-0: Swinging Strike
0-1: Ball
1-1: Ball
2-1: Called Strike
2-2: Strikes out looking
Batting: RHB Kieran Hansen 0-0: Called Strike
0-1: Ball
1-1: Swinging Strike
1-2: Fly out, F9 (Line Drive, 9D, EV 89.4 MPH)
Top of the 4th over - 0 runs, 1 hit, 0 errors, 2 left on base; Panama City 5 - Houston 0
BOTTOM OF THE 4TH
Houston 1837 BBC batting - Pitching for Panama City Piranhas : RHP Masahiro Sakei
Batting: LHB Javier Seco 0-0: Ball
1-0: Ball
2-0: Ball
3-0: Called Strike
3-1: Foul Ball, location: 2F
3-2: SINGLE (Line Drive, 78S, EV 99.4 MPH)
Batting: RHB Adam Smith 0-0: Swinging Strike
0-1: Foul Ball, location: 2F
0-2: Ball
1-2: Strikes out looking
Batting: RHB Krystof Melichar 0-0: Ball
Wild Pitch!
Javier Seco to second
1-0: Swinging Strike
1-1: DOUBLE (Line Drive, 78XD, EV 105.6 MPH)
Javier Seco scores
Batting: LHB Bill Dixon 0-0: Foul Ball, location: 2F
0-1: Ball
Krystof Melichar is caught stealing 3rd base 2-5
1-1: DOUBLE (Line Drive, 78D, EV 106.9 MPH)
Batting: LHB César Gómes 0-0: Called Strike
0-1: Ball
1-1: Ground out 1-3 (Groundball, 34S, EV 93.8 MPH)
Bottom of the 4th over - 1 run, 3 hits, 0 errors, 1 left on base; Panama City 5 - Houston 1
TOP OF THE 5TH
Panama City Piranhas batting - Pitching for Houston 1837 BBC : LHP Alfredo Córdova
Batting: RHB António Mendoza 0-0: Ball
1-0: Ball
2-0: Ball
3-0: Base on Balls
Batting: SHB Ben Boston 0-0: Ball
1-0: Ball
Wild Pitch!
António Mendoza to second
2-0: Ball
3-0: Called Strike
3-1: Base on Balls
Batting: LHB José Ocasio 0-0: Ball
1-0: Called Strike
1-1: Foul Ball, location: 2F
1-2: Foul Ball, location: 2F
1-2: Strikes out swinging
Pitching: RHP Millard Smith
Batting: RHB Craig Tricket 0-0: Grounds into double play, 6-4-3 (Groundball, 6, EV 111.2 MPH)
Top of the 5th over - 0 runs, 0 hits, 0 errors, 1 left on base; Panama City 5 - Houston 1
BOTTOM OF THE 5TH
Houston 1837 BBC batting - Pitching for Panama City Piranhas : RHP Masahiro Sakei
Batting: SHB Yeow-whye Zhu 0-0: Ball
1-0: Called Strike
1-1: Ball
2-1: Ground out U3 (Groundball, 3, EV 110.0 MPH)
Batting: RHB David Elías 0-0: Ball
1-0: Foul Ball, location: 2F
1-1: Called Strike
1-2: Ball
2-2: Fly out, F7 (Flyball, 78S, EV 70.6 MPH)
Batting: LHB Ramiro Palmeiro 0-0: Ground out 6-3 (Groundball, 6, EV 80.0 MPH)
Bottom of the 5th over - 0 runs, 0 hits, 0 errors, 0 left on base; Panama City 5 - Houston 1
TOP OF THE 6TH
Panama City Piranhas batting - Pitching for Houston 1837 BBC : RHP Millard Smith
Batting: RHB Chrysler Rodriguez 0-0: Called Strike
0-1: Ball
1-1: Foul Ball, location: 2F
1-2: Ball
2-2: Fly out, F7 (Flyball, 7, EV 90.0 MPH)
Batting: RHB Brant Thigpen 0-0: Ground out 5-3 (Groundball, 56, EV 84.4 MPH)
Batting: RHB Bruno Williams 0-0: Foul Ball, location: 2F
0-1: Ball
1-1: Ground out 6-3 (Groundball, 6, EV 90.0 MPH)
Top of the 6th over - 0 runs, 0 hits, 0 errors, 0 left on base; Panama City 5 - Houston 1
BOTTOM OF THE 6TH
Houston 1837 BBC batting - Pitching for Panama City Piranhas : RHP Masahiro Sakei
Batting: RHB Jon Huband 0-0: Called Strike
0-1: Ball
1-1: Ball
2-1: Foul Ball, location: 2F
2-2: SINGLE (Line Drive, 6MD, EV 98.8 MPH)
Batting: LHB Javier Seco 0-0: Ball
1-0: Ball
2-0: Foul Ball, location: 2F
2-1: Ball
3-1: Base on Balls
Jon Huband to second
Batting: RHB Adam Smith 0-0: Called Strike
0-1: Fielders Choice at 2nd, 6-4 (Groundball, 6, EV 80.6 MPH)
Jon Huband to third
Batting: RHB Krystof Melichar 0-0: Called Strike
0-1: Ball
1-1: SINGLE (Groundball, 6D, EV 95.0 MPH)
Jon Huband scores
Adam Smith to second
Batting: LHB Bill Dixon 0-0: Swinging Strike
0-1: Ball
1-1: Ball
2-1: Fielders Choice at 2nd, 4-6 (Groundball, 4M, EV 85.0 MPH)
Adam Smith to third
Batting: LHB César Gómes 0-0: Ball
1-0: Called Strike
1-1: Ball
2-1: Fielders Choice at 2nd, 6-4 (Groundball, 6, EV 82.5 MPH)
Bottom of the 6th over - 1 run, 2 hits, 0 errors, 2 left on base; Panama City 5 - Houston 2
TOP OF THE 7TH
Panama City Piranhas batting - Pitching for Houston 1837 BBC : RHP Millard Smith
Batting: RHB Silvio Bonauiti 0-0: SINGLE (Groundball, 6, EV 106.9 MPH) (infield hit)
Batting: RHB Kieran Hansen 0-0: Ball
Silvio Bonauiti steals 2nd base
1-0: Ball
2-0: Called Strike
2-1: Foul Ball, location: 2F
2-2: Foul Ball, location: 2F
2-2: SINGLE (Line Drive, 9S, EV 98.8 MPH)
Silvio Bonauiti to third
Batting: RHB António Mendoza 0-0: Called Strike
0-1: Ball
1-1: Foul Ball, location: 2F
1-2: Strikes out looking
Batting: SHB Ben Boston 0-0: Ball
1-0: Ball
2-0: Ball
3-0: Called Strike
3-1: Foul Ball, location: 2F
3-2: Strikes out looking
Pitching: RHP José Ledezma
Batting: LHB José Ocasio 0-0: Foul Ball, location: 2F
0-1: Ground out 3-1 (Groundball, 34S, EV 67.5 MPH)
Top of the 7th over - 0 runs, 2 hits, 0 errors, 2 left on base; Panama City 5 - Houston 2
BOTTOM OF THE 7TH
Houston 1837 BBC batting - Pitching for Panama City Piranhas : RHP Masahiro Sakei
Batting: SHB Yeow-whye Zhu 0-0: Called Strike
0-1: Ball
1-1: Ball
2-1: Fly out, F9 (Flyball, 9S, EV 93.1 MPH)
Batting: RHB David Elías 0-0: Ground out 5-3 (Groundball, 5L, EV 101.2 MPH)
Batting: LHB Ramiro Palmeiro 0-0: SOLO HOME RUN (Flyball, 9D, EV 98.1 MPH), Distance : 376 ft
Batting: RHB Jon Huband 0-0: Called Strike
0-1: Called Strike
0-2: Strikes out swinging passed ball, reaches first!
Batting: LHB Javier Seco 0-0: Ball
Jon Huband is caught stealing 2nd base 2-6
Bottom of the 7th over - 1 run, 1 hit, 0 errors, 0 left on base; Panama City 5 - Houston 3
TOP OF THE 8TH
Panama City Piranhas batting - Pitching for Houston 1837 BBC : RHP José Ledezma
Batting: RHB Craig Tricket 0-0: Ball
1-0: Ball
2-0: Called Strike
2-1: Fly out, F8 (Line Drive, 8LD, EV 91.2 MPH)
Batting: RHB Chrysler Rodriguez 0-0: Called Strike
0-1: Foul Ball, location: 2F
0-2: Ground out 1-3 (Groundball, 34S, EV 88.1 MPH)
Batting: RHB Brant Thigpen 0-0: Ball
1-0: Called Strike
1-1: Swinging Strike
1-2: Fly out, F9 (Line Drive, 9, EV 95.6 MPH)
Top of the 8th over - 0 runs, 0 hits, 0 errors, 0 left on base; Panama City 5 - Houston 3
BOTTOM OF THE 8TH
Houston 1837 BBC batting - Pitching for Panama City Piranhas : RHP Masahiro Sakei
Batting: LHB Javier Seco 0-0: Ground out 5-3 (Groundball, 56, EV 80.0 MPH)
Batting: RHB Adam Smith 0-0: Foul Ball, location: 2F
0-1: Ball
1-1: Ground out 4-3 (Groundball, 4, EV 103.1 MPH)
Batting: RHB Krystof Melichar 0-0: Ball
1-0: Called Strike
1-1: Ball
2-1: Foul Ball, location: 2F
2-2: Ground out 6-3 (Groundball, 56, EV 84.4 MPH)
Bottom of the 8th over - 0 runs, 0 hits, 0 errors, 0 left on base; Panama City 5 - Houston 3
TOP OF THE 9TH
Panama City Piranhas batting - Pitching for Houston 1837 BBC : RHP José Ledezma
Pitching: LHP Jeffery Meyers
Batting: RHB Bruno Williams 0-0: Called Strike
0-1: Swinging Strike
0-2: Ball
1-2: Foul Ball, location: 2F
1-2: Strikes out looking
Batting: RHB Silvio Bonauiti 0-0: Ball
1-0: Fly out, F9 (Flyball, 9D, EV 75.6 MPH)
Batting: RHB Kieran Hansen 0-0: Foul Ball, location: 2F
0-1: Ground out 6-3 (Groundball, 6, EV 80.6 MPH)
Top of the 9th over - 0 runs, 0 hits, 0 errors, 0 left on base; Panama City 5 - Houston 3
BOTTOM OF THE 9TH
Houston 1837 BBC batting - Pitching for Panama City Piranhas : RHP Masahiro Sakei
Pitching: LHP Joe Khokar
Batting: LHB Bill Dixon 0-0: Ball
1-0: Ground out 4-3 (Groundball, 4S, EV 91.9 MPH)
Batting: LHB César Gómes 0-0: Fly out, F7 (Line Drive, 7, EV 91.2 MPH)
Batting: SHB Yeow-whye Zhu 0-0: Ball
1-0: Ball
2-0: Swinging Strike
2-1: Ball
3-1: Foul Ball, location: 2F
3-2: Strikes out looking
Bottom of the 9th over - 0 runs, 0 hits, 0 errors, 0 left on base; Panama City 5 - Houston 3
Wednesday, July 8th, 2020 - OOTP Baseball 20.8 Build 74